 Dungeon Crawl Stone Soup version 0.29-a0-350-g7790a0e70a (webtiles) character file.

Game seed: 10082148202256379555

13 spaghetti the Magician (level 2, -1/19 HPs)
             Began as a Demonspawn Fire Elementalist on Apr 23, 2022.
             Frozen to death by an endoplasm (5 damage)
             ... on level 1 of the Dungeon.
             The game lasted 00:01:59 (448 turns).

spaghetti the Magician (DsFE)                        Turns: 448, Time: 00:01:59

Health: -1/19      AC:  2    Str:  8    XL:     2   Next: 24%
Magic:  2/5        EV: 12    Int: 16    God:
Gold:   21         SH:  0    Dex: 13    Spells: 5/6 levels left

rFire   . . .      SeeInvis .   c - +0 club {mace}
rCold   . . .      Faith    .   (no shield)
rNeg    . . .      Spirit   .   a - +0 robe
rPois   .          Reflect  .   (no helmet)
rElec   .          Harm     .   (no cloak)
rCorr   .          Rampage  .   (no gloves)
Will    .....                   (no boots)
Stlth   ++........              (no amulet)
HPRegen 0.06/turn               (no ring)
MPRegen 0.09/turn               (no ring)

@: no status effects
A: demonic magic 1
a: no special abilities


You were on level 1 of the Dungeon.
You visited 1 branch of the dungeon, and saw 1 of its levels.

You collected 21 gold pieces.


Innate Abilities, Weirdness & Mutations

Spells you cast may paralyse adjacent enemies.


   Skills:
 + Level 0.1 Short Blades
 - Level 1.7 Dodging
 + Level 1.8 Stealth
 + Level 2.7 Spellcasting
 - Level 1.0 Conjurations
 - Level 2.6 Fire Magic


You had 5 spell levels left.
You knew the following spells:

 Your Spells              Type           Power      Damage    Failure   Level
a - Foxfire               Conj/Fire      32%        2x1d5     9%          1

Your spell library contained the following spells:

 Spells                   Type           Power      Damage    Failure   Level
 Scorch                   Fire           20%        2d6       10%         2
 Conjure Flame            Conj/Fire      8%         6-21      26%         3
 Inner Flame              Hex/Fire       6%         N/A       32%         3
 Call Canine Familiar     Summ           2%         N/A       50%         3
 Portal Projectile        Hex/Tloc       4%         N/A       50%         3
 Flame Wave               Conj/Fire      8%         2d5       65%         4
 Leda's Liquefaction      Hex/Erth       1%         N/A       88%         4

Inventory:

Hand Weapons
 c - a +0 club (weapon) {mace}
   (You took it off a kobold on level 1 of the Dungeon)
Missiles
 e - a stone {throwing}
Armour
 a - a +0 robe (worn)
Potions
 b - a potion of magic
 d - a potion of brilliance {unknown}

Dungeon Overview and Level Annotations

Branches:
Dungeon (1/15)

Altars:

#.# #.#
#.#.#.#
#.######.#
##.#.##
#........#
#.###.#
#.#.....##
##.#.##
#.#####).#
#.#.#.# #.#
##.# ##.#.##
#.# ###.#
#.###.# #v#
#...# ##.#.##
#@# ##..#
#.#.#.# #J#
#### ##.#.##
#)# #.###.#
#.....#
##.#.##
..........#
#.#w#v#
...........#
##.#.##
......>......
#.###.#
.....!#####.##
##.#.## ......
.# #.#.#.#


You could see an endoplasm (ally target).


Message History

a +0 dagger {short}; a kobold corpse 😎 MP[+1]
Your mp is fully restored (5).
A quokka and a goblin come into view.
Found a stone staircase leading down.
The goblin shouts!
There are monsters nearby!
An endoplasm comes into view.
Found a glowing whip.
Found a stone staircase leading down.
The quokka barely misses you. The goblin closely misses you.
The quokka closely misses you.
Casting: Foxfire (safe; 9% risk of failure)
Confirm with . or Enter, or press ? or * to list all spells.
You conjure some foxfire!
Malevolent energies surge around you.
The endoplasm quivers.
The goblin misses you. The quokka barely misses you. 😎 MP[-1]
You lost 1 mp, and now have 4/5 mp.
Casting: Foxfire (safe; 9% risk of failure)
Confirm with . or Enter, or press ? or * to list all spells.
There is not enough space to conjure foxfire!
Unknown command.
You hit the quokka.
The foxfire hits the quokka but does no damage.
The goblin hits you with a +0 dagger. The quokka bites you.
The goblin hits you with a +0 dagger.
* * * LOW HITPOINT WARNING * * *
😨 HP[-11]
You take 11 damage, and now have 8/19 hp.
MASSIVE DAMAGE!! (PAUSE)
The quokka barely misses you.
Casting: Foxfire (safe; 9% risk of failure)
Confirm with . or Enter, or press ? or * to list all spells.
You conjure some foxfire!
Malevolent energies surge around you.
The quokka suddenly stops moving! 😨 MP[-1]
You lost 1 mp, and now have 3/5 mp.
The helpless quokka fails to defend itself.
You hit the quokka.
The helpless quokka fails to defend itself.
You hit the quokka but do no damage.
The helpless quokka fails to defend itself.
You hit the quokka.
You kill the quokka!
Casting: Foxfire (safe; 9% risk of failure)
Confirm with . or Enter, or press ? or * to list all spells.
There is not enough space to conjure foxfire!
You hit the goblin. The goblin misses you.
The goblin hits you with a +0 dagger.
* * * LOW HITPOINT WARNING * * *
Casting: Foxfire (safe; 9% risk of failure)
Confirm with . or Enter, or press ? or * to list all spells.
There is not enough space to conjure foxfire!
Casting: Foxfire (safe; 9% risk of failure)
Confirm with . or Enter, or press ? or * to list all spells.
There is not enough space to conjure foxfire!
Unknown command.
Casting: Foxfire (safe; 9% risk of failure)
Confirm with . or Enter, or press ? or * to list all spells.
There is not enough space to conjure foxfire!
Unknown command.
You closely miss the goblin.
The goblin completely misses you. 😨 MP[+1]
Casting: Foxfire (safe; 9% risk of failure)
Confirm with . or Enter, or press ? or * to list all spells.
You conjure some foxfire!
Malevolent energies surge around you.
The goblin suddenly stops moving! 😨 MP[-1]
You lost 1 mp, and now have 3/5 mp.
Unknown command.
The helpless goblin fails to defend itself.
You hit the goblin.
You kill the goblin!
Casting: Foxfire (safe; 9% risk of failure)
Confirm with . or Enter, or press ? or * to list all spells.
There is not enough space to conjure foxfire!
Unknown command.
You hit the endoplasm but do no damage. The endoplasm misses you.
The endoplasm freezes you.
You are frozen.
* * * LOW HITPOINT WARNING * * *
😱 HP[-4]
You take 4 damage, and now have 4/19 hp.
MASSIVE DAMAGE!! (PAUSE) Unknown command.
Casting: Foxfire (safe; 9% risk of failure)
Confirm with . or Enter, or press ? or * to list all spells.
You conjure some foxfire!
Malevolent energies surge around you.
The endoplasm suddenly stops moving! 😱 MP[-1]
You lost 1 mp, and now have 2/5 mp.
The helpless endoplasm fails to defend itself.
You hit the endoplasm.
The helpless endoplasm fails to defend itself.
You hit the endoplasm but do no damage.
The helpless endoplasm fails to defend itself.
You hit the endoplasm but do no damage.
The endoplasm is no longer paralysed.
The endoplasm freezes you.
You are frozen.
You die...

Action                   || total
-------------------------++-------
Melee: Club              ||    15
 Cast: Foxfire           ||    17
 Stab: Paralysed         ||     7
Armor: Robe              ||     1
Dodge: Dodged            ||    11

Levels and vault maps discovered:
D:1:      tarquinn_simple_flora_water_c, layout_rooms, serial_shops,
          nicolae_shop_statue_plus, roderic_roman_lattice,
          roderic_cross_of_infinity, minmay_misc_feat_rugged

Notes
Turn   | Place    | Note
-------+----------+-------------------------------------------
     0 | D:1      | spaghetti the Demonspawn Fire Elementalist began the quest
                  | for the Orb.
     0 | D:1      | Reached XP level 1. HP: 13/13 MP: 3/3
     0 | D:1      | magus.rc [v1.9.6]
   179 | D:1      | You pick up a book of the Hunter and begin reading...
   179 | D:1      | You add the spells Call Canine Familiar, Portal Projectile
                  | and Leda's Liquefaction to your library.
   332 | D:1      | Gained mutation: Spells you cast may paralyse adjacent
                  | enemies. [demonic ancestry]
   332 | D:1      | Reached XP level 2. HP: 19/19 MP: 2/5
   443 | D:1      | HP: 4/19 [frozen (4)]
   448 | D:1      | Frozen to death by an endoplasm

Vanquished Creatures
  A dart slug (D:1)
  A bat (D:1)
  An endoplasm (D:1)
  A giant cockroach (D:1)
  A goblin (D:1)
  A quokka (D:1)
  A ball python (D:1)
  3 kobolds (D:1)
10 creatures vanquished.

Vanquished Creatures (others)
  21 foxfires (D:1)
21 creatures vanquished.

Grand Total: 31 creatures vanquished

Table legend:
 A = Non-vault XP
 B = Vault XP
 C = Vault XP percentage of total XP
 D = Non-vault monster count
 E = Vault monster count
 F = Vault count percentage of total count
                 A         B        C        D         E       F
            +---------+---------+-------+---------+---------+-------
      Total |      19 |       0 |   0.0 |      10 |       0 |   0.0
            +---------+---------+-------+---------+---------+-------
        D:1 |      19 |       0 |   0.0 |      10 |       0 |   0.0
            +---------+---------+-------+---------+---------+-------

Illustrated notes

Table legend:
 A = Kills in this place as a percentage of kills in entire the game.
 B = Kills by you in this place as a percentage of kills by you in the entire game.
 C = Kills by friends in this place as a percentage of kills by friends in the entire game.
 D = Other kills in this place as a percentage of other kills in the entire game.
 E = Experience gained in this place as a percentage of experience gained in the entire game.
 F = Experience gained in this place divided by the number of levels of this place that you have seen.
                   A       B       C       D       E      F
               +-------+-------+-------+-------+-------+----------------------
         Total | 100.0 | 100.0 |   N/A |   N/A | 100.0 |  19.0
       Dungeon | 100.0 | 100.0 |   N/A |   N/A | 100.0 |  19.0
               +-------+-------+-------+-------+-------+----------------------

Table legend: (Time is in decaauts)
 A = Elapsed time spent in this place.
 B = Non-inter-level travel time spent in this place.
 C = Inter-level travel time spent in this place.
 D = Time resting spent in this place.
 E = Time spent auto-exploring this place.
 F = Levels seen in this place.
 G = Mean time per level.
                   A        B        C        D        E       F      G
               +--------+--------+--------+--------+--------+-----+--------+
         Total |    451 |    451 |      0 |      0 |    367 |   1 |  451.0 |
       Dungeon |    451 |    451 |      0 |      0 |    367 |   1 |  451.0 |
               +--------+--------+--------+--------+--------+-----+--------+

Top non-repeatable levels by time:
     D:1: 451 daAuts
